 Dungeon Crawl Stone Soup version 0.32-a0-630-g46d191b0ed (webtiles) character file.

Game seed: 13906816585930084754

7467 ezpacito the Trooper (level 11, -2/84 HPs)
             Began as a Coglin Chaos Knight on Mar 6, 2024.
             Was a Plaything of Xom.
             Slain by a boulder beetle (17 damage)
             ... on level 9 of the Dungeon.
             The game lasted 00:17:24 (8403 turns).

ezpacito the Trooper (Coglin Chaos Knight)          Turns: 8403, Time: 00:17:25

Health: -2/84      AC: 14    Str: 17    XL:     11   Next: 15%
Magic:  10/16      EV: 14    Int: 11    God:    Xom [...*..]
Gold:   315        SH:  0    Dex: 14    Spells: 7/17 levels left

rFire   . . .        a - +3 hand axe (chaos) {Ximena}
rCold   . . .        x - +5 trident (vamp) {Jinae}
rNeg    . . .        u - +3 leather armour {Will+}
rPois   .            s - +2 helmet {SInv}
rElec   +            C - +1 cloak
rCorr   .            d - +1 pair of gloves {infuse}
SInv    +            (no boots)
Will    +....        (amulet unavailable)
Stlth   ++           (ring unavailable)
HPRegen 0.34/turn    (ring unavailable)
MPRegen 0.15/turn    (no gizmo)

%: infuse magic (1 MP)
@: revving
A: off-hand wielding, slow wielding, warmup strikes, no jewellery, electricity
resistance
a: Invent Gizmo, Renounce Religion


You were on level 9 of the Dungeon.
You worshipped Xom.
You were a favourite toy of Xom.
You visited 2 branches of the dungeon, and saw 10 of its levels.

You collected 1388 gold pieces.
You spent 1073 gold pieces at shops.

Inventory:

Hand Weapons
 a - a +3 hand axe of chaos (weapon) {Ximena}
 c - a +0 war axe of venom
 g - a +0 halberd of flaming
 p - a +2 flail of draining {Santiago}
 x - a +5 vampiric trident (offhand) {Jinae}
Missiles
 f - 8 poisoned darts (quivered)
Armour
 b - a +2 hat
 d - a +1 pair of gloves of infusion (worn)
 h - +0 steam dragon scales
 q - +0 acid dragon scales
 s - a +2 helmet of see invisible (worn)
 u - a +3 leather armour of willpower (worn)
 C - a +1 cloak (worn)
Talismans
 m - a granite talisman
 r - a flux talisman
Wands
 n - a wand of charming (2)
 y - a wand of polymorph (9)
 B - a wand of flame (31)
 D - a wand of digging (5)
Scrolls
 i - 8 scrolls of identify
 j - 2 scrolls of amnesia
 o - a scroll of fog
 t - 2 scrolls of teleportation
 z - 2 scrolls of revelation
 A - a scroll of immolation
Potions
 e - 2 potions of lignification
 v - 3 potions of brilliance


   Skills:
 * Level 7.3 Fighting
 * Level 7.3(8.0) Axes
 + Level 4.3(6.1) Polearms
 * Level 6.5 Armour
 * Level 6.1 Dodging
 + Level 4.3 Stealth
 + Level 3.7 Spellcasting
 + Level 1.7 Summonings
 + Level 1.7 Necromancy
 + Level 4.6 Alchemy
 + Level 2.3 Evocations


You had 7 spell levels left.
You knew the following spells:

 Your Spells              Type           Power      Damage    Failure   Level
a - Yara's Violent Unrav  Hex/Alch       3%         3d4       97%         5
b - Necrotise             Necr           20%        1d5       14%         1
c - Martyr's Knell        Necr/Summ      5%         N/A       82%         4

Your spell library contained the following spells:

 Spells                   Type           Power      Damage    Failure   Level
 Cigotuvi's Dreadful Rot  Necr/Alch/Air  12%        N/A       19%         2
 Vampiric Draining        Necr           5%         2d6       38%         3
 Ensorcelled Hibernation  Hex/Ice        4%         N/A       41%         2
 Gell's Gravitas          Tloc           2%         N/A       65%         3
 Passwall                 Erth           2%         N/A       65%         3
 Swiftness                Air            2%         N/A       65%         3
 Teleport Other           Tloc           2%         N/A       65%         3
 Tukima's Dance           Hex            2%         N/A       65%         3
 Ignite Poison            Fire/Alch      7%         N/A       73%         4
 Passage of Golubria      Tloc           2%         N/A       96%         4
 Curse of Agony           Necr           5%         N/A       98%         5
 Freezing Cloud           Conj/Ice/Air   1%         6-21      100%        5
 Dispersal                Tloc           1%         N/A       100%        6


Dungeon Overview and Level Annotations

Branches:
Dungeon (9/15)             Temple (1/1) D:7            Lair (0/5) D:8
    Orc (0/2) D:9

Altars:
Ashenzari
Cheibriados
Dithmenos
Elyvilon
Fedhas
Gozag
Hepliaklqana
Kikubaaqudgha
Makhleb
Nemelex Xobeh
Okawaru
Qazlal
Ru
Sif Muna
Trog
Uskayaw
Vehumet
Wu Jian
Xom
Yredelemnul
Zin
The Shining One

Shops:
D:1 (   D:4 :[?

Annotations:
D:7 1 transporter, BeKind's ghost, novice OpFi


Innate Abilities, Weirdness & Mutations

You can wield a second weapon in your off-hand.
It takes a long time for you to wield or remove held weapons.
Your first few attacks do less damage.
You cannot equip rings or amulets.
You are resistant to electric shocks. (rElec)


Message History

You regained 8 hp, and now have 25/84 hp.
You regained 3 mp, and now have 13/16 mp.
You start resting.
Magic restored.
A boulder beetle is nearby!
You regained 41 hp, and now have 66/84 hp.
MP restored: 16 The boulder beetle curls into a ball and begins rolling!
The boulder beetle hits you!!
The boulder beetle stops rolling and uncurls.
You take 20 damage, and have 48/84 hp.
MASSIVE DAMAGE!!
You hit the boulder beetle but do no damage.
The boulder beetle seems to speed up.
You barely miss the boulder beetle with your +5 vampiric trident.
The boulder beetle closely misses you. The boulder beetle bites you!
You take 6 damage, and have 42/84 hp.
You now have 15/16 mp.
You hit the boulder beetle but do no damage.
The boulder beetle seems to grow stronger.
You hit the boulder beetle but do no damage.
The boulder beetle closely misses you.
You now have 13/16 mp.
You hit the boulder beetle but do no damage. x2
The boulder beetle bites you.
You take 5 damage, and have 37/84 hp.
You now have 11/16 mp.
As you read the scroll of teleportation, it crumbles to dust.
You feel strangely unstable. The boulder beetle bites you!!
* * * LOW HITPOINT WARNING * * *
The boulder beetle leaps!
You take 23 damage, and have 14/84 hp.
MASSIVE DAMAGE!!
Okay, then.
Your surroundings suddenly seem different.
A boulder beetle is nearby!
The boulder beetle bites you but does no damage.
You hit the boulder beetle with your +3 hand axe of chaos.
Nothing appears to happen.
The boulder beetle is lightly wounded.
You hit the boulder beetle but do no damage.
The boulder beetle bites you!
You die...
Xom thinks this is hilarious!

...o...##..........##.#
#......##.............#
#...o..##.............#
#o.....##.............#
#o.....##.............#
#......##.)...........#
#.....................#
#.......#.............#
........#.......@.....#
..... #..######B....#
..... #..# #.....# ....
#..# #.....# .... #..#
#.....# ......#[.#
#.....# .....#..#
#..#### ≈≈......#).#
#..# ........#..# #..#


You could see a boulder beetle (fast, strong).

Vanquished Creatures
  A hydra (D:9)
  A centaur warrior (D:9)
  Maggie (D:7)
  A troll (D:9)
  4 yaks (D:9)
  A steam dragon (D:7)
  An acid dragon (D:9)
  2 water moccasins
  Duvessa (D:7)
  3 black bears
  3 ice beasts
  4 orc warriors (D:9)
  2 sky beasts (D:6)
  An ogre (D:5)
  A centaur (D:9)
  A lemure (D:4)
  2 phantoms (D:5)
  4 bullfrogs
  3 scorpions (D:5)
  2 gnoll sergeants
  3 wights
  Dowan (D:7)
  4 killer bees
  4 electric eels
  A howler monkey (D:9)
  3 bombardier beetles
  7 hounds
  2 jellies
  4 orc priests
  2 gnoll boudas (D:7)
  An iguana (D:6)
  A sleepcap (D:4)
  Crazy Yiuf (D:7)
  4 orc wizards
  12 gnolls
  7 adders
  A white imp (D:6)
  2 dart slugs
  2 ribbon worms
  17 orcs
  8 ball pythons
  10 endoplasms
  2 giant cockroaches
  11 goblins
  5 hobgoblins
  9 jackals
  8 kobolds
  3 quokkas
  6 bats
  4 frilled lizards
  4 rats
188 creatures vanquished.

Vanquished Creatures (collateral kills)
  Pikel (D:4)
  Jeremiah (D:6)
  A centaur (D:6)
  6 wights (D:5)
  An orc wizard (D:3)
  An orc (D:3)
11 creatures vanquished.

Grand Total: 199 creatures vanquished

Notes
Turn   | Place    | Note
-------+----------+-------------------------------------------
     0 | D:1      | ezpacito the Coglin Chaos Knight began the quest for the
                  | Orb.
     0 | D:1      | Reached XP level 1. HP: 18/18 MP: 1/1
    88 | D:1      | Reached skill level 1 in Dodging
    92 | D:1      | Reached XP level 2. HP: 15/24 MP: 2/2
   131 | D:1      | XOM: silly message
   172 | D:1      | Found a faded altar of an unknown god.
   183 | D:1      | XOM: potion effect (brilliance)
   186 | D:1      | XOM: silly message
   237 | D:1      | Found Cinaptas's Antique Weapon Shoppe.
   241 | D:1      | XOM: silly message
   259 | D:1      | XOM: silly message
   313 | D:1      | Reached XP level 3. HP: 28/28 MP: 3/3
   620 | D:2      | Identified a scroll of acquirement
   620 | D:2      | Acquired 943 gold pieces
   629 | D:2      | XOM: silly message
   703 | D:2      | XOM: silly message
   808 | D:2      | XOM: divination: detect creatures
   952 | D:2      | XOM: divination: detect items
   978 | D:2      | Reached XP level 4. HP: 35/35 MP: 4/4
   990 | D:2      | Reached skill level 1 in Polearms
  1164 | D:2      | XOM: silly message
  1536 | D:3      | XOM: silly message
  1551 | D:3      | Reached XP level 5. HP: 38/42 MP: 5/5
  1569 | D:3      | Found a broken altar of Ashenzari.
  1673 | D:3      | XOM: silly message
  1947 | D:3      | XOM: cast spell 'Monstrous Menagerie'
  2021 | D:3      | XOM: confusion (+ monsters)
  2040 | D:3      | Reached skill level 1 in Stealth
  2041 | D:3      | XOM: noise
  2121 | D:3      | XOM: god gift: Great Wizards, Vol. VII
  2131 | D:4      | Learned a level 5 spell: Yara's Violent Unravelling
  2170 | D:4      | Noticed a lemure
  2173 | D:4      | Noticed Pikel
  2174 | D:4      | Noticed a lemure
  2175 | D:4      | Noticed a lemure
  2176 | D:4      | Killed a lemure
  2177 | D:4      | Noticed a lemure
  2177 | D:4      | Killed Pikel
  2178 | D:4      | Reached skill level 1 in Spellcasting
  2178 | D:4      | Reached skill level 1 in Alchemy
  2178 | D:4      | Reached XP level 6. HP: 46/49 MP: 6/8
  2178 | D:4      | Reached XP level 7. HP: 51/55 MP: 6/9
  2367 | D:4      | Found Serphuez's Book Emporium.
  2405 | D:4      | Found Boynisyt's Antique Armour Shoppe.
  2426 | D:4      | Found Juschas's Magic Scroll Shop.
  2433 | D:4      | Bought 3 scrolls of identify for 66 gold pieces
  2433 | D:4      | Bought a scroll of teleportation for 33 gold pieces
  2433 | D:4      | Bought a scroll of teleportation for 33 gold pieces
  2433 | D:4      | Bought a scroll of teleportation for 33 gold pieces
  2433 | D:4      | Bought a scroll of brand weapon for 104 gold pieces
  2433 | D:4      | Bought a scroll of fog for 44 gold pieces
  2433 | D:4      | Bought 3 scrolls of identify for 66 gold pieces
  2433 | D:4      | Bought a scroll of fear for 44 gold pieces
  2433 | D:4      | Bought a scroll of enchant weapon for 82 gold pieces
  2439 | D:4      | Bought a shiny helmet for 247 gold pieces
  2451 | D:4      | Bought a glowing leather armour for 165 gold pieces
  2517 | D:4      | Reached XP level 8. HP: 59/61 MP: 10/10
  2563 | D:4      | Found a snail-covered altar of Cheibriados.
  2642 | D:4      | Found Vyimmom's Magic Scroll Shoppe.
  2649 | D:4      | Bought a scroll of identify for 26 gold pieces
  2649 | D:4      | Bought a scroll of identify for 26 gold pieces
  2649 | D:4      | Bought a scroll of identify for 26 gold pieces
  2649 | D:4      | Bought a scroll of identify for 26 gold pieces
  2649 | D:4      | Bought a scroll of fog for 52 gold pieces
  2781 | D:5      | Entered Level 5 of the Dungeon
  2807 | D:5      | Found an ornate altar of the Wu Jian Council.
  2904 | D:5      | XOM: fog
  3032 | D:5      | Learned a level 1 spell: Necrotise
  3037 | D:5      | Learned a level 4 spell: Martyr's Knell
  3067 | D:5      | Reached skill level 5 in Fighting
  3325 | D:5      | XOM: summons 2 friendly demons
  3330 | D:5      | Reached skill level 5 in Axes
  3706 | D:5      | Reached XP level 9. HP: 34/68 MP: 12/12
  3714 | D:5      | XOM: god gift: robe {god gift}
  3796 | D:6      | XOM: divination: detect items
  3970 | D:6      | XOM: god gift: scroll of poison
  4036 | D:6      | XOM: god gift: potion of brilliance
  4088 | D:6      | Reached skill level 5 in Armour
  4246 | D:6      | Noticed Jeremiah
  4249 | D:6      | Found a blossoming altar of Fedhas.
  4256 | D:6      | Killed Jeremiah
  5045 | D:6      | XOM: silly message
  5150 | D:6      | Reached skill level 5 in Dodging
  5253 | D:7      | Reached XP level 10. HP: 64/76 MP: 14/14
  5254 | D:7      | XOM: smoke on damage
  5261 | D:7      | Noticed Dowan
  5264 | D:7      | Noticed Duvessa
  5269 | D:7      | XOM: potion effect (heal wounds)
  5277 | D:7      | XOM: smoke on damage
  5487 | D:7      | Noticed Maggie
  5494 | D:7      | XOM: summons 5 friendly demons
  5502 | D:7      | Killed Maggie
  5654 | D:7      | Found a transporter.
  5696 | D:7      | Killed Duvessa
  5699 | D:7      | Killed Dowan
  5716 | D:7      | Found a transporter.
  5831 | D:7      | XOM: cloud trail
  5886 | D:7      | Found a staircase to the Ecumenical Temple.
  5899 | Temple   | Entered the Ecumenical Temple
  5964 | D:7      | Noticed BeKind's ghost (novice OpFi)
  6141 | D:7      | XOM: silly message
  6208 | D:7      | Found a runed translucent door.
  6209 | D:7      | Noticed Crazy Yiuf
  6214 | D:7      | Killed Crazy Yiuf
  6265 | D:7      | XOM: stat loss: -1 Dex (13/14)
  6296 | D:7      | Identified the ring of Asuetion {MP+9 Int+6}
  6306 | D:7      | Identified the +1 kite shield of Hide-and-Seek {Dex+3}
  6370 | D:7      | XOM: give mutations
  6370 | D:7      | Gained mutation: You occasionally lose the ability to drink
                  | potions when taking damage. [Xom's mischief]
  6370 | D:7      | Gained mutation: You are resistant to electric shocks.
                  | (rElec) [Xom's mischief]
  6370 | D:7      | Lost mutation: You occasionally lose the ability to drink
                  | potions when taking damage. [Xom's mischief]
  6638 | D:8      | Acquired a +0 pair of gloves of infusion
  6684 | D:8      | XOM: 3-stop teleportation journey
  7031 | D:8      | Identified the ring "Esielal" {Ice *Slow rPois rN+ SInv}
                  | (Xom gifted it to you on level 8 of the Dungeon)
  7031 | D:8      | XOM: god gift: ring "Esielal" {Ice *Slow rPois rN+ SInv}
  7242 | D:8      | Found a staircase to the Lair.
  7355 | D:8      | XOM: 1-stop teleportation journey
  7620 | D:9      | Noticed a brown ugly thing
  7622 | D:9      | Noticed a centaur warrior
  7626 | D:9      | Noticed a cane toad
  7627 | D:9      | Noticed a green ugly thing
  7628 | D:9      | Noticed a cyclops
  7629 | D:9      | Noticed a six-headed hydra
  7631 | D:9      | Noticed a manticore
  7641 | D:9      | Noticed a boulder beetle
  7642 | D:9      | Noticed a four-headed hydra
  7644 | D:9      | Found a staircase to the Orcish Mines.
  7644 | D:9      | XOM: smoke on damage
  7688 | D:9      | Noticed a cyclops
  7688 | D:9      | XOM: 1-stop teleportation journey
  7689 | D:9      | XOM: confuse monster(s)
  7691 | D:9      | Reached skill level 1 in Evocations
  7694 | D:9      | Killed a six-headed hydra
  7695 | D:9      | Reached skill level 1 in Summonings
  7695 | D:9      | Reached skill level 1 in Necromancy
  7736 | D:8      | XOM: god gift: scroll of enchant armour
  8047 | D:9      | Reached XP level 11. HP: 84/84 MP: 10/16
  8097 | D:9      | XOM: summons 4 friendly demons
  8103 | D:9      | XOM: confuse monster(s)
  8110 | D:9      | Killed a centaur warrior
  8403 | D:9      | Slain by a boulder beetle

Illustrated notes

Levels and vault maps discovered:
D:1:      ncdulo_smallfort, layout_rooms,
          shapermc_ecumenical_altar_mp_ritualfount, serial_shops,
          nicolae_diamond_shop, chequers_serial_rivers_micro_d, minmay_3d_cube
D:2:      kennysheep_big_flooded_room, layout_basic, minivault_14,
          grunt_ministairs_14
D:3:      layout_loops_ring, ashenzari_conservatory_becter,
          kennysheep_generic_room_2
D:4:      layout_rooms, chei_slow_surprise, serial_shops,
          nicolae_shop_peninsula, nicolae_book_shop_shelving, shop,
          nicolae_shop_tiny_statue_garden, nicolae_tricolors, uniq_pikel
D:5:      layout_gridville, lemuel_tele_altar
D:6:      layout_layer_cave, fedhas_bush_and_centaur_altar, uniq_jeremiah
D:7:      cheibrodos_helix_gallery, layout_loops_ring,
          minmay_temple_entry_mini_moons, gammafunk_ghost_gnarly_gnolls,
          grunt_ministairs_12, minivault_23, uniq_crazy_yiuf_cottage,
          uniq_duvessa, uniq_maggie
D:8:      layout_gridville, lair_entry_dummy
D:9:      layout_long_grid, erik_orc_2, minivault_28
Temple:   hc_temple_tempest_star

Skill      XL: |  1  2  3  4  5  6  7  8  9 10 11 |
---------------+----------------------------------+-----
Dodging        | 1 2 3 4 5 6 |  6.1
Armour         | 2 3 4 5 6 |  6.5
Polearms       | 1 2 3 4 |  4.3
Stealth        | 1 2 3 4 |  4.3
Fighting       | 4 5 6 7 |  7.3
Axes           | 4 5 6 7 |  7.3
Spellcasting   | 1 2 3 |  3.7
Alchemy        | 1 2 3 4 |  4.6
Evocations     | 2 |  2.3
Summonings     | 1 |  1.7
Necromancy     | 1 |  1.7

Action                     |  1- 3 |  4- 6 |  7- 9 | 10-12 || total
---------------------------+-------+-------+-------+-------++-------
  Melee: Hand axe          |    41 |    45 |   135 |   106 ||   327
         Dagger            |    11 |       |       |       ||    11
         Flail             |    34 |    45 |   121 |       ||   200
         Trident           |       |       |    23 |   131 ||   154
  Evoke: Wand              |       |       |       |    25 ||    25
    Use: Scroll            |     3 |     5 |     9 |    23 ||    40
         Potion            |       |       |     5 |     7 ||    12
   Stab: Sleeping          |     1 |     3 |     1 |     2 ||     7
         Held in net/web   |       |       |     1 |     1 ||     2
         Confused          |       |       |       |     6 ||     6
         Paralysed         |       |       |       |     2 ||     2
 Armour: Leather armour    |    35 |    36 |   141 |   152 ||   364
  Dodge: Dodged            |    21 |    23 |   160 |   102 ||   306

Table legend: (Time is in decaauts)
 A = Elapsed time spent in this place.
 B = Non-inter-level travel time spent in this place.
 C = Inter-level travel time spent in this place.
 D = Time resting spent in this place.
 E = Time spent auto-exploring this place.
 F = Levels seen in this place.
 G = Mean time per level.
                   A        B        C        D        E       F      G
               +--------+--------+--------+--------+--------+-----+--------+
         Total |   8426 |   8059 |    367 |    646 |   5769 |  10 |  842.6 |
       Dungeon |   8424 |   8058 |    366 |    646 |   5769 |   9 |  936.0 |
        Temple |      1 |      1 |      0 |      0 |      0 |   1 |    1.0 |
               +--------+--------+--------+--------+--------+-----+--------+

Top non-repeatable levels by time:
     D:6: 1416 daAuts
     D:7: 1402 daAuts
     D:8: 1159 daAuts
     D:5: 1029 daAuts
     D:2: 765 daAuts
     D:3: 760 daAuts
     D:4: 666 daAuts
     D:1: 621 daAuts
     D:9: 603 daAuts
  Temple: 1 daAuts
